AoeStats
← OVERHAUL

Arena

509544862Analyzed
4v4 RM · 6d ago on Sep 27, 2026· 23m 22s· 8 players
Game mode
Random Map
Map size
Large (8 player)
Population
200
Speed
Normal
Resources
Standard
Victory
Conquest
Starting age
Dark Age
Ending age
Imperial Age
RankedLock teamsTeams togetherTeam positionsShared explorationLock speedFull tech treeHidden civsTurbo modeCheats
Victory
Defeat
🇨🇱 Khmer · Chile
767
+10
🇨🇱 Portuguese · Chile
669
+14
🇨🇱 Aztecs · Chile
669
+14
🇨🇱 Turks · Chile
660
+14
🇨🇳 Turks · China
697
-15
🇻🇳 Britons · Vietnam
617
-13
🇨🇦 Slavs · Canada
607
-12
🇺🇸 Teutons · United States
599
-12
Twixxo
4:03 Loom
11:55 Feudal Age
13:15 Wheelbarrow
12:21 Horse Collar
12:30 Double-Bit Axe
20:46 Castle Age
21:31 Heavy Plow
tbogwald
5:37 Loom
12:45 Feudal Age
13:14 Double-Bit Axe
13:11 Horse Collar
19:09 Castle Age
18:22 Man-at-Arms
19:17 Forging
19:02 Gold Mining
19:03 Stone Mining
19:20 Scale Mail Armor
19:16 Long Swordsman
20:38 Iron Casting
20:24 Bow Saw
20:30 Heavy Plow
21:49 Gold Shaft Mining
21:34 Chain Mail Armor
22:21 Squires
GURU
0:45 Loom
11:06 Feudal Age
11:36 Double-Bit Axe
11:35 Horse Collar
12:37 Wheelbarrow
18:46 Castle Age
17:22 Gold Mining
18:20 Stone Mining
19:11 Fletching
19:43 Bow Saw
21:26 Town Watch
22:15 Crossbowman
YellowyGnu8986
1:29 Loom
11:30 Feudal Age
17:03 Castle Age
15:13 Horse Collar
16:29 Wheelbarrow
16:25 Stone Mining
20:03 Double-Bit Axe
20:55 Heavy Plow
20:56 Gold Mining
turcó
10:09 Feudal Age
15:02 Castle Age
14:34 Loom
23:11 Double-Bit Axe
23:14 Horse Collar
dErG
10:55 Feudal Age
16:58 Castle Age
14:51 Double-Bit Axe
15:23 Horse Collar
18:29 Gold Mining
20:12 Stone Mining
21:17 Bow Saw
Charqui123
13:40 Feudal Age
14:42 Double-Bit Axe
18:28 Castle Age
19:48 Wheelbarrow
20:23 Bow Saw
23:26 Ballistics
22:54 Horse Collar
OVERHAUL
11:13 Feudal Age
12:51 Double-Bit Axe
13:20 Horse Collar
20:55 Castle Age
19:37 Gold Mining
20:54 Bloodlines
20:56 Scale Barding Armor
22:15 Bow Saw
22:28 Heavy Plow
Connection lost

Rejoining the realm…

Still unreachable

The connection could not be restored.

Session expired

The server has moved on; the page needs a fresh start.